[Event "Baden Youth-ch 2020"]
[Site "Karlsruhe-Durlach"]
[Date "2020.01.04"]
[Round "4.1"]
[White "Hecht, Jonas"]
[Black "Haenselmann, Hendrik"]
[Result "1/2-1/2"]
[ECO "B48"]
[WhiteElo "1754"]
[BlackElo "1807"]
[Annotator "NA"]
[PlyCount "47"]
[EventDate "2020.01.02"]
[EventType "swiss"]
[EventCountry "GER"]
[SourceTitle "playchess.com"]
[Source "ChessBase"]
[SourceQuality "1"]
[TimeControl "5400+30"]

1. e4 c5 2. Nf3 e6 3. d4 cxd4 4. Nxd4 Nf6 5. Nc3 Nc6 6. Be3 Bb4 7. f3 O-O 8. Qd2 a6 (8... d5 $11) 9. O-O-O Qc7 10. a3 Ba5 11. Nb3 Bxc3 $1 12. Qxc3 $14 d5 13. Bg5 dxe4 14. Bxf6 Qf4+ 15. Kb1 Qxf6 16. Qxf6 gxf6 17. fxe4 Ne5 18. Rd6 Bd7 19. Na5 Bc6 20. Nxc6 Nxc6 21. Be2 Rfd8 22. Rhd1 Rxd6 23. Rxd6 Rd8 24. Rxd8+ 1/2-1/2

[Event "Baden Youth-ch 2020"]
[Site "Karlsruhe-Durlach"]
[Date "2020.01.04"]
[Round "4.2"]
[White "Neves, Carlos"]
[Black "Hockenjos, Marius"]
[Result "1-0"]
[ECO "E02"]
[WhiteElo "1438"]
[BlackElo "1100"]
[Annotator "NA"]
[PlyCount "79"]
[EventDate "2020.01.02"]
[EventType "swiss"]
[EventCountry "GER"]
[SourceTitle "playchess.com"]
[Source "ChessBase"]
[SourceQuality "1"]
[TimeControl "5400+30"]

1. d4 e6 2. c4 d5 3. Nf3 Nf6 4. g3 Be7 5. Bg2 O-O 6. O-O dxc4 7. Qc2 c5 8. Qxc4 Nbd7 (8... cxd4 $11 9. Nxd4 e5) 9. Rd1 Qc7 $14 10. Qc2 b6 11. Bf4 Bd6 12. Ne5 Bb7 13. Nxd7 Bxg2 14. Nxf6+ gxf6 15. Bxd6 Qxd6 16. Kxg2 Qc6+ 17. e4 f5 18. d5 exd5 19. exd5 Qf6 20. Qc3 Qd6 21. Na3 Rad8 22. Nc4 Qg6 23. Qc2 Qg5 24. Ne3 f4 25. Qf5 Qxf5 26. Nxf5 fxg3 27. hxg3 Rfe8 28. Re1 Kf8 29. d6 Re6 30. g4 Rf6 31. Re2 h5 32. Rh1 Rg6 33. f3 hxg4 34. Rh8+ Rg8 35. Rxg8+ Kxg8 36. fxg4 Kh7 37. Kf3 Kg6 38. Kf4 Kf6 39. Re7 Rxd6 40. g5+ 1-0

[Event "Baden Youth-ch 2020"]
[Site "Karlsruhe-Durlach"]
[Date "2020.01.04"]
[Round "4.3"]
[White "Fischer, Darja"]
[Black "Schulz, Hannah"]
[Result "1-0"]
[ECO "A57"]
[WhiteElo "1546"]
[BlackElo "1588"]
[Annotator "NA"]
[PlyCount "53"]
[EventDate "2020.01.02"]
[EventType "swiss"]
[EventCountry "GER"]
[SourceTitle "playchess.com"]
[Source "ChessBase"]
[SourceQuality "1"]
[TimeControl "5400+30"]

1. d4 Nf6 2. c4 c5 3. d5 b5 4. Nc3 b4 5. Nb1 g6 6. b3 Bg7 7. Bb2 O-O 8. Nd2 d6 9. e4 a5 10. Rb1 Nbd7 11. Ngf3 Nb6 12. Bd3 a4 13. O-O Bd7 14. h3 Ra6 15. Re1 Qc8 16. Qc2 Nh5 17. Bxg7 Kxg7 18. e5 Nf4 19. Bf1 Bf5 20. Ne4 axb3 21. axb3 Qc7 22. exd6 exd6 23. g4 Bd7 24. Qd2 f5 25. Qb2+ Kf7 26. Neg5+ Kg8 27. Re7 1-0

[Event "Baden Youth-ch 2020"]
[Site "Karlsruhe-Durlach"]
[Date "2020.01.04"]
[Round "4.4"]
[White "Dobrikov, Marco"]
[Black "Wu, Luka"]
[Result "1-0"]
[ECO "B76"]
[WhiteElo "2291"]
[BlackElo "2057"]
[Annotator "ChessBase"]
[PlyCount "85"]
[EventDate "2020.01.02"]
[EventType "swiss"]
[EventCountry "GER"]
[SourceTitle "playchess.com"]
[Source "ChessBase"]
[SourceQuality "1"]
[TimeControl "5400+30"]

1. e4 c5 2. Nf3 d6 3. d4 cxd4 4. Nxd4 Nf6 5. Nc3 g6 6. Be3 Bg7 7. f3 O-O 8. Qd2 Nc6 9. O-O-O d5 10. Qe1 e5 11. Nxc6 bxc6 12. exd5 cxd5 13. Bg5 d4 14. Qxe5 Nd7 15. Qxg7+ Kxg7 16. Bxd8 Rxd8 17. Rxd4 Bb7 18. Bb5 Nf6 19. Rxd8 Rxd8 20. Rd1 Rc8 21. Rd4 a6 22. Bd3 Rc5 23. Ne4 Nxe4 24. Bxe4 Bxe4 25. Rxe4 Kf6 26. c4 h5 27. b4 Rc8 28. Kc2 g5 29. h4 Rg8 30. hxg5+ Rxg5 31. Re2 h4 32. Kd3 Rg8 33. c5 Rd8+ 34. Kc4 Rc8 35. a4 Rc7 36. b5 axb5+ 37. axb5 Ra7 38. c6 Ra1 39. b6 Rc1+ 40. Kb5 Rb1+ 41. Ka6 Ra1+ 42. Kb7 Rc1 43. c7 1-0

[Event "Baden Youth-ch 2020"]
[Site "Karlsruhe-Durlach"]
[Date "2020.01.04"]
[Round "4.5"]
[White "Schmitt, Daniel"]
[Black "Wu, Leon"]
[Result "1-0"]
[ECO "B55"]
[WhiteElo "1930"]
[BlackElo "2023"]
[Annotator "NA"]
[PlyCount "79"]
[EventDate "2020.01.02"]
[EventType "swiss"]
[EventCountry "GER"]
[SourceTitle "playchess.com"]
[Source "ChessBase"]
[SourceQuality "1"]
[TimeControl "5400+30"]

1. e4 c5 2. Nf3 d6 3. d4 cxd4 4. Nxd4 Nf6 5. f3 e5 6. Nb3 Be6 7. c4 Qc7 {[%emt 0:00:05] B55: Sicilian: 2...d6 3 d4 cxd4 4 Nxd4 Nf6 5 f3} 8. Na3 a6 9. Be3 Nbd7 10. Be2 Be7 11. O-O O-O 12. Rc1 Rac8 13. Qd2 h6 14. Rfd1 {[%emt 0:06:46] [#]} Nh7 $146 ({Predecessor:} 14... Rfd8 15. Bf1 Nh7 {1-0 (46) Ivanchuk,V (2771)-Sebag,M (2521) Cap d'Agde 2012}) 15. Bf1 Kh8 16. Nc2 Nb6 17. Nb4 Bd7 18. Qf2 Na4 19. Nd5 Qd8 20. Nxe7 Qxe7 21. c5 dxc5 $18 22. Nxc5 Be8 23. b3 Nb6 24. Nxa6 bxa6 25. Bxb6 Qb7 26. Rxc8 Qxc8 27. Qc5 Qb7 28. Qc7 Bc6 29. Qxb7 Bxb7 30. Rd7 Bc6 31. Rc7 Bb5 32. Bxb5 axb5 33. Rc5 Rb8 34. Bc7 Rc8 35. Rxe5 Nf6 36. Rc5 Nd7 37. Rc1 g5 38. Be5+ Nxe5 39. Rxc8+ Kg7 40. Rc5 1-0

[Event "Baden Youth-ch 2020"]
[Site "Karlsruhe-Durlach"]
[Date "2020.01.04"]
[Round "4.6"]
[White "Schneider, Katharina"]
[Black "Visvikis, Kassandra"]
[Result "1/2-1/2"]
[ECO "C54"]
[WhiteElo "1672"]
[BlackElo "1568"]
[Annotator "NA"]
[PlyCount "86"]
[EventDate "2020.01.02"]
[EventType "swiss"]
[EventCountry "GER"]
[SourceTitle "playchess.com"]
[Source "ChessBase"]
[SourceQuality "1"]
[TimeControl "5400+30"]

1. e4 e5 2. Nf3 Nc6 3. Bc4 Bc5 4. c3 Nf6 5. d4 exd4 6. cxd4 Bb4+ 7. Bd2 d5 8. exd5 Nxd5 9. Bxd5 Bxd2+ 10. Qxd2 Qxd5 11. Nc3 Qc4 12. Qe3+ Qe6 13. O-O-O Qxe3+ 14. fxe3 Bg4 15. h3 Bh5 16. g4 Bg6 17. a3 O-O-O 18. b4 Rhe8 19. Rhe1 f5 20. Nh4 Ne7 21. d5 fxg4 22. hxg4 Bf7 23. e4 Ng6 24. Nf5 Ne5 25. Rg1 g6 26. Nh6 Bg8 27. Rgf1 Nc4 28. Nxg8 Rxg8 29. Rf7 Nxa3 30. Rxh7 Rgf8 31. Kb2 Nc4+ 32. Kb3 Ne5 33. Nb5 c6 34. Rc1 Kb8 35. dxc6 Nxc6 36. Rg7 Rf3+ 37. Rc3 Rxc3+ 38. Nxc3 Ne5 39. Nd5 a6 40. g5 Rd6 41. Nf4 Ka7 42. Re7 Nc6 43. Rg7 Ne5 1/2-1/2

[Event "Baden Youth-ch 2020"]
[Site "Karlsruhe-Durlach"]
[Date "2020.01.04"]
[Round "4.7"]
[White "Nass, Maximilian"]
[Black "Metzinger, Hannes"]
[Result "1-0"]
[ECO "C84"]
[WhiteElo "1937"]
[BlackElo "1903"]
[Annotator "NA"]
[PlyCount "63"]
[EventDate "2020.01.02"]
[EventType "swiss"]
[EventCountry "GER"]
[SourceTitle "playchess.com"]
[Source "ChessBase"]
[SourceQuality "1"]
[TimeControl "5400+30"]

1. e4 e5 2. Nf3 Nc6 3. Bb5 a6 4. Ba4 Nf6 5. d3 b5 6. Bb3 Be7 7. O-O O-O 8. Nc3 d6 9. a4 b4 10. Nd5 Rb8 $11 11. a5 Bg4 12. Be3 Qc8 13. h3 Bh5 14. g4 Nxg4 15. Ba4 Nxe3 16. fxe3 Qxh3 17. Qe2 Rb5 18. Bxb5 axb5 19. a6 Qd7 20. Nxe5 dxe5 21. Qxh5 Bc5 22. Rf6 Ne7 23. Rh6 Bxe3+ 24. Nxe3 gxh6 25. Ng4 Qd4+ 26. Kh1 Ng6 27. a7 Ra8 28. Nxh6+ Kf8 29. Rf1 Rxa7 30. Qf5 c6 31. Qc8+ Kg7 32. Nf5+ 1-0

[Event "Baden Youth-ch 2020"]
[Site "Karlsruhe-Durlach"]
[Date "2020.01.04"]
[Round "4.8"]
[White "Doll, Alexander"]
[Black "Simbikangwa, Philippe"]
[Result "1-0"]
[ECO "B06"]
[WhiteElo "2127"]
[BlackElo "1865"]
[Annotator "ChessBase"]
[PlyCount "87"]
[EventDate "2020.01.02"]
[EventType "swiss"]
[EventCountry "GER"]
[SourceTitle "playchess.com"]
[Source "ChessBase"]
[SourceQuality "1"]
[TimeControl "5400+30"]

1. e4 g6 2. d4 Bg7 3. Nc3 d6 4. f4 a6 5. Be3 b5 6. a4 b4 7. Na2 Bb7 8. d5 c5 9. c3 bxc3 10. Nxc3 Qa5 11. Rb1 Nf6 12. Bd3 O-O 13. Nf3 Nbd7 14. Nd2 Qc7 15. O-O Rfe8 16. Bc4 Nb6 17. Ba2 a5 18. g4 Bc8 19. f5 Nfd7 20. Nb5 Qb8 21. Bc4 Nxc4 22. Nxc4 Ne5 23. b3 Ba6 24. Nba3 Qc7 25. Bd2 Bxc4 26. bxc4 Nd3 27. Bc3 Nb4 28. Nb5 Qd7 29. Bxg7 Kxg7 30. Qf3 f6 31. Rb2 g5 32. h4 h6 33. Rh2 Rh8 34. Rff2 Rac8 35. Rh3 Qe8 36. Rfh2 Qf7 37. Qh1 gxh4 38. Rxh4 Rcg8 39. Rxh6 Rxh6 40. Rxh6 Kf8 41. Rh7 Rxg4+ 42. Kf2 Rg7 43. Qh6 Qg8 44. Rh8 1-0

[Event "Baden Youth-ch 2020"]
[Site "Karlsruhe-Durlach"]
[Date "2020.01.04"]
[Round "4.9"]
[White "Ehmann, Johanna"]
[Black "Wagner, Lena"]
[Result "1-0"]
[ECO "B10"]
[WhiteElo "1846"]
[BlackElo "1289"]
[Annotator "NA"]
[PlyCount "109"]
[EventDate "2020.01.02"]
[EventType "swiss"]
[EventCountry "GER"]
[SourceTitle "playchess.com"]
[Source "ChessBase"]
[SourceQuality "1"]
[TimeControl "5400+30"]

1. e4 c6 2. c4 d5 3. exd5 cxd5 4. cxd5 Nf6 5. Nc3 Bf5 (5... Nxd5 $11 {remains equal.} 6. Nf3 Nc6) 6. Bc4 g6 7. Nf3 Bg7 8. Qb3 $14 Nbd7 9. O-O O-O 10. d3 a6 11. a4 Nc5 12. Qc2 a5 13. Be3 Nfd7 14. Nh4 Bg4 15. h3 e5 16. hxg4 Qxh4 17. f3 Rac8 18. Qf2 Qxf2+ 19. Bxf2 Rfd8 20. Ne4 Nxe4 21. fxe4 Nf6 22. Bh4 Rd6 23. Bxf6 Bxf6 24. b3 b6 25. Rf3 Kg7 26. Raf1 Rc7 27. Kf2 Bg5 28. Ke2 h5 29. gxh5 gxh5 30. Rf5 f6 31. g3 Kg6 32. Rh1 Rh7 33. Rf2 Rh8 34. Rfh2 Rd7 35. Bb5 Rdh7 36. Kf3 Rh6 37. Bd7 h4 38. gxh4 Rxh4 39. Rxh4 Rxh4 40. Be8+ Kg7 41. Rxh4 Bxh4 42. Kg4 Bf2 43. Kf5 Bc5 44. Ke6 Kf8 45. Bc6 Kg7 46. d6 Kf8 47. Kd7 Kf7 48. Kc7 Ke6 49. d7 Be7 50. d8=N+ Bxd8+ 51. Kxd8 Kd6 52. Bb5 Kc5 53. Ke7 Kb4 54. Kxf6 Kxb3 55. Kxe5 1-0

[Event "Baden Youth-ch 2020"]
[Site "Karlsruhe-Durlach"]
[Date "2020.01.04"]
[Round "4.10"]
[White "Grining, Maria"]
[Black "Schneider, Xenia"]
[Result "1-0"]
[ECO "D30"]
[WhiteElo "1744"]
[BlackElo "1332"]
[Annotator "NA"]
[PlyCount "53"]
[EventDate "2020.01.02"]
[EventType "swiss"]
[EventCountry "GER"]
[SourceTitle "playchess.com"]
[Source "ChessBase"]
[SourceQuality "1"]
[TimeControl "5400+30"]

1. d4 c6 2. Nf3 d5 3. c4 e6 4. e3 Nd7 5. Nbd2 Ngf6 6. b3 Bb4 7. Bb2 Ne4 8. a3 Bxd2+ 9. Nxd2 Ndf6 10. Bd3 O-O 11. O-O Qc7 12. f3 Nxd2 13. Qxd2 Nd7 14. e4 Qd8 15. e5 Qh4 16. f4 f5 17. Rf3 Qe7 18. a4 b6 19. cxd5 exd5 20. Qc2 Qe6 21. Ba3 Re8 22. Bxf5 Qh6 23. Rh3 Qxf4 24. Bxh7+ Kh8 25. Bg8+ Kxg8 26. Qh7+ Kf7 27. Rf3 1-0

[Event "Baden Youth-ch 2020"]
[Site "Karlsruhe-Durlach"]
[Date "2020.01.05"]
[Round "5.1"]
[White "Neves, Carlos"]
[Black "Hecht, Jonas"]
[Result "0-1"]
[ECO "A87"]
[WhiteElo "1438"]
[BlackElo "1754"]
[Annotator "NA"]
[PlyCount "54"]
[EventDate "2020.01.02"]
[EventType "swiss"]
[EventCountry "GER"]
[SourceTitle "playchess.com"]
[Source "ChessBase"]
[SourceQuality "1"]
[TimeControl "5400+30"]

1. d4 f5 2. Nf3 Nf6 3. g3 g6 4. Bg2 Bg7 5. O-O O-O 6. c4 d6 7. Qc2 Qe8 8. Nc3 e5 9. dxe5 dxe5 10. e4 Nc6 11. exf5 Bxf5 12. Qe2 Nd7 13. Be3 Bg4 14. h3 Bxf3 15. Bxf3 Nd4 16. Bxd4 exd4 17. Qxe8 Raxe8 18. Bd5+ Kh8 19. Na4 c6 20. Bg2 Re7 21. Rae1 Ref7 22. b4 d3 23. c5 Bd4 24. Rd1 Rxf2 25. Rxf2 Rxf2 26. Kh1 Ne5 27. a3 Ra2 0-1

[Event "Baden Youth-ch 2020"]
[Site "Karlsruhe-Durlach"]
[Date "2020.01.05"]
[Round "5.4"]
[White "Koll, Linus"]
[Black "Dobrikov, Marco"]
[Result "0-1"]
[ECO "B81"]
[WhiteElo "1987"]
[BlackElo "2291"]
[Annotator "ChessBase"]
[PlyCount "54"]
[EventDate "2020.01.02"]
[EventType "swiss"]
[EventCountry "GER"]
[SourceTitle "playchess.com"]
[Source "ChessBase"]
[SourceQuality "1"]
[TimeControl "5400+30"]

1. e4 c5 2. Nf3 d6 3. d4 cxd4 4. Nxd4 Nf6 5. Nc3 a6 6. h3 e6 7. g4 Be7 8. Bg2 O-O 9. Be3 Qc7 10. g5 Nfd7 11. f4 Nc6 12. Qe2 Nxd4 13. Bxd4 b5 14. f5 b4 15. f6 Bd8 16. fxg7 Re8 17. e5 dxe5 18. Bxa8 exd4 19. Nd1 Bxg5 20. Be4 Nf6 21. Rg1 Bh4+ 22. Nf2 Qf4 23. Bf3 e5 24. Bg4 e4 25. Bxc8 e3 26. Rg4 Nxg4 27. Kd1 Nxf2+ 0-1

[Event "Baden Youth-ch 2020"]
[Site "Karlsruhe-Durlach"]
[Date "2020.01.05"]
[Round "5.5"]
[White "Kuschminder, Paul"]
[Black "Schmitt, Daniel"]
[Result "1/2-1/2"]
[ECO "D50"]
[WhiteElo "1503"]
[BlackElo "1930"]
[Annotator "NA"]
[PlyCount "47"]
[EventDate "2020.01.02"]
[EventType "swiss"]
[EventCountry "GER"]
[SourceTitle "playchess.com"]
[Source "ChessBase"]
[SourceQuality "1"]
[TimeControl "5400+30"]

1. d4 d5 2. Nf3 Nf6 3. c4 e6 4. Nc3 c5 5. Bg5 cxd4 6. Nxd4 e5 7. Nc2 d4 8. Nd5 Nc6 9. a3 $15 Be6 10. e4 Be7 11. Bxf6 Bxf6 12. Be2 Bg5 13. O-O O-O 14. f4 exf4 15. b4 b5 16. Nxd4 Nxd4 17. Qxd4 a5 18. cxb5 Bxd5 19. Qxd5 Bf6 20. Rad1 axb4 21. axb4 Be7 22. Qc6 Qc8 23. Qxc8 Raxc8 24. Rc1 1/2-1/2

[Event "Baden Youth-ch 2020"]
[Site "Karlsruhe-Durlach"]
[Date "2020.01.05"]
[Round "5.6"]
[White "Henninger, Claire"]
[Black "Schneider, Katharina"]
[Result "0-1"]
[ECO "C69"]
[WhiteElo "1507"]
[BlackElo "1672"]
[Annotator "NA"]
[PlyCount "178"]
[EventDate "2020.01.02"]
[EventType "swiss"]
[EventCountry "GER"]
[SourceTitle "playchess.com"]
[Source "ChessBase"]
[SourceQuality "1"]
[TimeControl "5400+30"]

1. e4 e5 2. Nf3 Nc6 3. Bb5 a6 4. Bxc6 dxc6 5. O-O f6 6. d4 exd4 7. Nxd4 c5 8. Nb3 Qxd1 9. Rxd1 Bg4 10. f3 Be6 11. Bf4 Rd8 12. Nc3 c4 13. Na5 Bc5+ 14. Kf1 Bb6 15. b4 cxb3 16. axb3 Rxd1+ 17. Nxd1 Bxa5 18. Rxa5 c6 19. Nc3 Ne7 20. Na4 Kf7 21. Bc7 f5 22. Nc5 Bc8 23. c4 fxe4 24. Nxe4 Nf5 25. g4 Nd4 26. Nd2 Kg6 27. Bb6 Nc2 28. Re5 Nb4 29. Re3 h5 30. h3 hxg4 31. fxg4 Rf8+ 32. Ke2 Nc2 33. Rc3 Re8+ 34. Kf2 Rf8+ 35. Ke2 Re8+ 36. Kf2 Rf8+ 37. Ke2 Re8+ 38. Kd1 Ne1 39. Bf2 Ng2 40. Rg3 Nf4 41. Rf3 Nxh3 42. Rxh3 Bxg4+ 43. Rf3 Rf8 44. Ke2 Bxf3+ 45. Nxf3 Kf5 46. Bd4 Ke4 47. Ng5+ Kxd4 48. Ne6+ Kc3 49. Nxf8 Kxb3 50. c5 Kc4 51. Ne6 a5 52. Kd2 g6 53. Kc2 Kd5 54. Nf4+ Kxc5 55. Nxg6 b5 56. Nf4 Kc4 57. Nd3 a4 58. Ne5+ Kd5 59. Nd3 c5 60. Kc3 a3 61. Nc1 b4+ 62. Kb3 Kd4 63. Ne2+ Kd3 64. Nc1+ Kd2 65. Na2 Kd1 66. Kc4 Kc2 67. Kxc5 b3 68. Nb4+ Kc3 69. Nd5+ Kb2 70. Kb4 a2 71. Ne3 a1=Q 72. Nc4+ Ka2 73. Nd2 Qd4+ 74. Nc4 Qxc4+ 75. Kxc4 b2 76. Kc3 b1=Q 77. Kc4 Qb6 78. Kc3 Qb5 79. Kd4 Qf5 80. Ke3 Qg4 81. Kf2 Qh3 82. Kg1 Qf3 83. Kh2 Qg4 84. Kh1 Kb2 85. Kh2 Kc2 86. Kh1 Kd2 87. Kh2 Ke2 88. Kh1 Kf2 89. Kh2 Qg2# 0-1

[Event "Baden Youth-ch 2020"]
[Site "Karlsruhe-Durlach"]
[Date "2020.01.05"]
[Round "5.7"]
[White "Doll, Alexander"]
[Black "Nass, Maximilian"]
[Result "1-0"]
[ECO "B32"]
[WhiteElo "2127"]
[BlackElo "1937"]
[Annotator "ChessBase"]
[PlyCount "105"]
[EventDate "2020.01.02"]
[EventType "swiss"]
[EventCountry "GER"]
[SourceTitle "playchess.com"]
[Source "ChessBase"]
[SourceQuality "1"]
[TimeControl "5400+30"]

1. e4 c5 2. Nf3 Nc6 3. d4 cxd4 4. Nxd4 e5 5. Nb5 d6 6. N1c3 a6 7. Na3 Be6 8. Nd5 Rc8 9. Be3 Bxd5 10. exd5 Qa5+ 11. c3 Nce7 12. Nc4 Qc7 13. Bb6 Qd7 14. Ba5 Nxd5 15. Qxd5 Rc5 16. Qd1 d5 17. Bb4 Rxc4 18. Bxc4 Bxb4 19. Qxd5 Qxd5 20. Bxd5 Bc5 21. Bxb7 a5 22. f3 Nf6 23. O-O-O Ke7 24. Rhe1 Ke6 25. Ba6 Kf5 26. a3 h5 27. b4 Be7 28. Kc2 Ra8 29. Bd3+ Kf4 30. Be4 Rc8 31. g3+ Kg5 32. bxa5 Bxa3 33. a6 Bc5 34. Bb7 Re8 35. f4+ Kf5 36. Rxe5+ Rxe5 37. fxe5 Kxe5 38. Kb3 h4 39. Kc4 Ba7 40. Kb5 hxg3 41. hxg3 g5 42. c4 Kf5 43. Bf3 g4 44. Bg2 Ke6 45. Kc6 Bf2 46. c5 Ng8 47. Rd6+ Ke5 48. Rd7 f5 49. a7 Bxg3 50. a8=Q Nf6 51. Qa1+ Ke6 52. Bd5+ Nxd5 53. Rxd5 1-0

[Event "Baden Youth-ch 2020"]
[Site "Karlsruhe-Durlach"]
[Date "2020.01.05"]
[Round "5.8"]
[White "Schmider, Niklas"]
[Black "Metzinger, Hannes"]
[Result "1-0"]
[ECO "B28"]
[WhiteElo "2298"]
[BlackElo "1903"]
[Annotator "ChessBase"]
[PlyCount "59"]
[EventDate "2020.01.02"]
[EventType "swiss"]
[EventCountry "GER"]
[SourceTitle "playchess.com"]
[Source "ChessBase"]
[SourceQuality "1"]
[TimeControl "5400+30"]

1. e4 c5 2. Nf3 a6 3. c3 Qa5 4. Be2 d6 5. O-O Nf6 6. d3 Qc7 7. Re1 h6 8. Bf1 Bg4 9. Be3 Nc6 10. Nbd2 g5 11. d4 e5 12. dxc5 dxc5 13. Be2 O-O-O 14. Qa4 Be6 15. Bc4 Ng4 16. Bxe6+ fxe6 17. Nc4 Nxe3 18. Nxe3 Kb8 19. Rad1 Bd6 20. a3 Qe7 21. b4 Rdg8 22. b5 axb5 23. Qxb5 g4 24. Nd2 c4 25. Ndxc4 Bc5 26. Rb1 Nd8 27. Nxe5 Rh7 28. Red1 g3 29. Rxd8+ Ka7 30. Qa5# 1-0

[Event "Baden Youth-ch 2020"]
[Site "Karlsruhe-Durlach"]
[Date "2020.01.05"]
[Round "5.9"]
[White "Wagner, Lena"]
[Black "Schneider, Xenia"]
[Result "0-1"]
[ECO "B12"]
[WhiteElo "1289"]
[BlackElo "1332"]
[Annotator "NA"]
[PlyCount "71"]
[EventDate "2020.01.02"]
[EventType "swiss"]
[EventCountry "GER"]
[SourceTitle "playchess.com"]
[Source "ChessBase"]
[SourceQuality "1"]
[TimeControl "5400+30"]

1. d4 c6 2. e4 d5 3. e5 Bf5 4. Bd3 Bxd3 5. Qxd3 e6 6. Nf3 Qa5+ 7. Bd2 Qb6 8. Qb3 Qa6 9. Bb4 c5 10. dxc5 Nd7 11. Nbd2 Bxc5 12. c4 Ne7 13. O-O O-O 14. Bxc5 Nxc5 15. Qc2 Rac8 16. Rfc1 Nd7 17. b3 b5 18. cxb5 Qxb5 19. Qb2 Nc5 20. Nd4 Qa6 21. Rc2 Nd3 22. Qb1 Nxe5 23. Qe1 N7g6 24. Qe3 Nd3 25. N2f3 e5 26. Rxc8 Rxc8 27. Nf5 d4 28. Qd2 f6 29. Rd1 Nc5 30. h4 Kf7 31. Qb4 Rc6 32. g4 Qe2 33. Nxe5+ fxe5 34. Re1 Qxg4+ 35. Kf1 Qxf5 36. Qb8 0-1

[Event "Baden Youth-ch 2020"]
[Site "Karlsruhe-Durlach"]
[Date "2020.01.05"]
[Round "5.10"]
[White "Ehmann, Johanna"]
[Black "Grining, Maria"]
[Result "1/2-1/2"]
[ECO "D42"]
[WhiteElo "1846"]
[BlackElo "1744"]
[Annotator "NA"]
[PlyCount "42"]
[EventDate "2020.01.02"]
[EventType "swiss"]
[EventCountry "GER"]
[SourceTitle "playchess.com"]
[Source "ChessBase"]
[SourceQuality "1"]
[TimeControl "5400+30"]

1. e4 c6 2. c4 d5 3. exd5 cxd5 4. cxd5 Nf6 5. Nc3 Nxd5 6. Nf3 e6 7. d4 Be7 8. Bd3 O-O 9. O-O Nc6 10. Re1 Bf6 11. Bb1 Nde7 12. Bg5 Ng6 $16 13. Bxf6 Qxf6 14. d5 exd5 15. Qxd5 Bg4 16. Qg5 Qxg5 17. Nxg5 Rfe8 18. Be4 h6 19. Nf3 Rad8 20. Rad1 Rxd1 21. Rxd1 Nge5 1/2-1/2

[Event "Baden Youth-ch 2020"]
[Site "Karlsruhe-Durlach"]
[Date "2020.01.05"]
[Round "6.1"]
[White "Hecht, Jonas"]
[Black "Wehrle, Valentin"]
[Result "1-0"]
[ECO "E66"]
[WhiteElo "1754"]
[BlackElo "1364"]
[Annotator "NA"]
[PlyCount "43"]
[EventDate "2020.01.02"]
[EventType "swiss"]
[EventCountry "GER"]
[SourceTitle "playchess.com"]
[Source "ChessBase"]
[SourceQuality "1"]
[TimeControl "5400+30"]

1. c4 Nf6 2. Nc3 g6 3. g3 Bg7 4. Bg2 O-O 5. Nf3 d6 6. O-O c5 7. d4 Nc6 8. d5 Na5 9. Qd3 b6 10. e4 Bd7 11. Nh4 Ng4 12. Nf3 f5 13. h3 Ne5 14. Nxe5 Bxe5 15. Bh6 Bg7 16. Bxg7 Kxg7 17. Rfe1 a6 18. e5 Ra7 19. e6 Be8 20. g4 Qb8 21. Ne2 b5 22. Qc3+ 1-0

[Event "Baden Youth-ch 2020"]
[Site "Karlsruhe-Durlach"]
[Date "2020.01.05"]
[Round "6.2"]
[White "Ljuca, Semir"]
[Black "Haenselmann, Hendrik"]
[Result "0-1"]
[ECO "B45"]
[WhiteElo "1397"]
[BlackElo "1807"]
[Annotator "NA"]
[PlyCount "73"]
[EventDate "2020.01.02"]
[EventType "swiss"]
[EventCountry "GER"]
[SourceTitle "playchess.com"]
[Source "ChessBase"]
[SourceQuality "1"]
[TimeControl "5400+30"]

1. e4 c5 2. Nf3 e6 3. d4 cxd4 4. Nxd4 Nf6 5. Nc3 Nc6 6. Nxc6 bxc6 7. Bg5 e5 8. Be2 Be7 9. Qd2 h6 10. Bxf6 Bxf6 11. O-O O-O 12. Rfd1 Be7 13. Bg4 d6 14. Bxc8 Rxc8 15. Kh1 f5 16. f4 fxe4 17. fxe5 d5 18. Rf1 Qc7 19. Qd4 Bg5 20. e6 Rce8 21. Qc5 Qc8 22. Qxa7 Qxe6 23. Qd4 Bf6 24. Qd2 Rf7 25. Qe2 Ref8 26. Rab1 Bd4 27. Rxf7 Qxf7 28. h3 Qf2 29. Rc1 e3 30. Qxf2 Rxf2 31. Re1 Rxc2 32. Nd1 e2 33. Nc3 Rxb2 34. Rxe2 Bxc3 35. Rxb2 Bxb2 36. g4 Ba3 37. Kg2 0-1

[Event "Baden Youth-ch 2020"]
[Site "Karlsruhe-Durlach"]
[Date "2020.01.05"]
[Round "6.3"]
[White "Lim, Huay Leon Warren"]
[Black "Neves, Carlos"]
[Result "0-1"]
[ECO "B34"]
[WhiteElo "1591"]
[BlackElo "1438"]
[Annotator "NA"]
[PlyCount "78"]
[EventDate "2020.01.02"]
[EventType "swiss"]
[EventCountry "GER"]
[SourceTitle "playchess.com"]
[Source "ChessBase"]
[SourceQuality "1"]
[TimeControl "5400+30"]

1. e4 c5 2. Nf3 Nc6 3. d4 cxd4 4. Nxd4 g6 5. Nb3 Bg7 6. Be3 Nf6 7. Nc3 O-O 8. Bd3 d5 9. Nd4 e5 10. Nxc6 bxc6 11. Bg5 Bb7 12. O-O Qc7 13. Bxf6 Bxf6 14. Qf3 Qd6 15. exd5 cxd5 16. Nb5 Qb6 17. Nc7 Rad8 18. Rfd1 d4 19. Be4 Bxe4 20. Qxe4 Qxc7 21. a3 Rc8 22. Rd2 Bg7 23. g3 Qc6 24. f3 Qxe4 25. fxe4 f5 26. b4 fxe4 27. Re2 d3 28. cxd3 exd3 29. Rd2 e4 30. Re1 Bc3 31. Red1 Bxd2 32. Rxd2 e3 33. Rxd3 e2 34. Re3 Rce8 35. Rxe8 Rxe8 36. Kg2 e1=Q 37. Kh3 Re4 38. Kg2 Qe2+ 39. Kg1 Rd4 0-1

[Event "Baden Youth-ch 2020"]
[Site "Karlsruhe-Durlach"]
[Date "2020.01.05"]
[Round "6.4"]
[White "Dobrikov, Marco"]
[Black "Schmitt, Daniel"]
[Result "1-0"]
[ECO "C54"]
[WhiteElo "2291"]
[BlackElo "1930"]
[Annotator "ChessBase"]
[PlyCount "135"]
[EventDate "2020.01.02"]
[EventType "swiss"]
[EventCountry "GER"]
[SourceTitle "playchess.com"]
[Source "ChessBase"]
[SourceQuality "1"]
[TimeControl "5400+30"]

1. e4 e5 2. Nf3 Nc6 3. Bc4 Bc5 4. O-O Nf6 5. d3 a6 6. a4 Ba7 7. c3 d6 8. Nbd2 O-O 9. h3 Ne7 10. Re1 Ng6 11. Nf1 h6 12. Ng3 Nh7 13. d4 Ng5 14. Bxg5 hxg5 15. Nf5 Qf6 16. Ne3 Nf4 17. Ng4 Bxg4 18. hxg4 g6 19. g3 Ne6 20. d5 Nc5 21. Kg2 Kg7 22. b4 Nd7 23. Qd2 Rh8 24. Rh1 Rxh1 25. Rxh1 Rh8 26. Rxh8 Kxh8 27. a5 Kg7 28. Qxg5 Qxg5 29. Nxg5 Nb8 30. Nf3 b6 31. axb6 Bxb6 32. g5 a5 33. Bb5 Kf8 34. bxa5 Bxa5 35. c4 Bb4 36. Kf1 Ke7 37. Ke2 Nd7 38. Bxd7 Kxd7 39. Ne1 Bc5 40. f4 exf4 41. gxf4 Ke7 42. Nd3 Bd4 43. e5 Kd7 44. Kf3 Bc3 45. Ke4 Bd2 46. c5 dxe5 47. Nxe5+ Ke7 48. d6+ cxd6 49. cxd6+ Ke6 50. d7 Ke7 51. Nxf7 Kxd7 52. Ne5+ Ke7 53. Nxg6+ Kf7 54. Ne5+ Kg7 55. Nf3 Bc1 56. f5 Bb2 57. Ne5 Bc1 58. f6+ Kf8 59. g6 Bh6 60. Kf5 Kg8 61. Nd7 Bf8 62. Nxf8 Kxf8 63. Ke6 Kg8 64. g7 Kh7 65. Kf7 Kh6 66. g8=Q Kh5 67. Qg3 Kh6 68. Qh4# 1-0